 Dungeon Crawl Stone Soup version 0.31.0-2-g5a2aebc5c2 (webtiles) character file.

Game seed: 14416463007797545359

13778 xSliceyx the Thaumaturge (level 12, -3/86 HPs)
             Began as a Djinni Hedge Wizard on Jan 19, 2024.
             Was a Believer of Makhleb.
             Slain by a sun demon (22 damage)
             ... in a volcano on Jan 20, 2024.
             The game lasted 01:36:38 (14173 turns).

xSliceyx the Thaumaturge (Djinni Hedge Wizard)     Turns: 14173, Time: 01:36:38

Health: -3/86      AC: 10    Str:  9    XL:     12   Next: 37%
Gold:   641        EV: 22    Int: 20    God:    Makhleb [**....] SH:  0 Dex: 17

rFire   + + .        T - +6 war axe (elec)
rCold   . . .        (no shield)
rNeg    . . .        P - +0 troll leather armour
rPois   ∞            F - +2 helmet
rElec   .            J - +1 cloak {rPois}
rCorr   .            v - +1 pair of gloves {Dex+3}
SInv    .            (boots unavailable)
Will    +....        Q - amulet of the Six Nightcaps {Spirit Rampage}
Stlth   ++           q - ring of protection from cold
HPRegen 1.14/turn    M - +5 ring of evasion
MPRegen 0.00/turn

%: guardian spirit, rampage, infuse magic (-4 HP)
@: mighty, flying
A: sickness immunity, fire resistance 2, cold vulnerability 1, float, innate
caster, HP casting, extra vitality 1
a: Renounce Religion, Minor Destruction


You were in a volcano.
You worshipped Makhleb.
Makhleb was pleased with you.
You visited 3 branches of the dungeon, and saw 12 of its levels.
You also visited: Sewer and Volcano.

You collected 641 gold pieces.

Inventory:

Hand Weapons
 o - a +1 halberd of protection
 T - a +6 war axe of electrocution (weapon)
Missiles
 d - 2 curare-tipped darts
 k - 21 poisoned darts
 m - a throwing net
 t - 3 datura-tipped darts
 G - 5 javelins
Armour
 v - a +1 pair of gloves of dexterity (worn)
 F - a +2 helmet (worn)
 J - a +1 cloak of poison resistance (worn)
 P - a +0 troll leather armour (worn)
Magical Staves
 c - a staff of death
Jewellery
 q - a ring of protection from cold (left hand)
 A - a +4 ring of protection
 M - a +5 ring of evasion (right hand)
 Q - the amulet of the Six Nightcaps (around neck) {Spirit Rampage}
   (You found it on level 10 of the Dungeon)

   [amulet of guardian spirit]

   Spirit:    It causes incoming damage to be divided between your reserves of
   health and magic.
   Rampage:   It bestows one free step when moving towards enemies.
 S - a +6 ring of strength
Talismans
 u - a maw talisman
Wands
 H - a wand of polymorph (2)
 I - a wand of charming (9)
 K - a wand of digging (5)
Scrolls
 a - a scroll of brand weapon {unknown}
 f - 5 scrolls of teleportation
 l - 3 scrolls of fog
 r - 2 scrolls of noise {unknown}
 s - a scroll of amnesia {unknown}
 x - 3 scrolls of vulnerability
 y - 6 scrolls of fear
 z - 3 scrolls of immolation {unknown}
 C - a scroll of revelation
 D - a scroll of silence {unknown}
 N - 2 scrolls of blinking {unknown}
 O - a scroll of identify
Potions
 e - 2 potions of magic
 g - a potion of invisibility
 h - a potion of enlightenment
 i - 3 potions of curing
 j - 2 potions of might
 n - a potion of cancellation {unknown}
 p - a potion of mutation {unknown}
 w - a potion of lignification
 B - 4 potions of degeneration {unknown}
 E - a potion of ambrosia {unknown}
 L - a potion of heal wounds {unknown}
Miscellaneous
 b - a box of beasts
 R - a phial of floods


   Skills:
 - Level 8.0 Fighting
 - Level 10.6 Dodging
 - Level 1.5 Stealth
 + Level 11.7 Spellcasting
 + Level 11.7 Conjurations
 + Level 11.7 Hexes
 + Level 11.7 Summonings
 + Level 11.7 Necromancy
 + Level 11.7 Translocations
 + Level 11.7 Fire Magic
 + Level 11.7 Ice Magic
 + Level 11.7 Air Magic
 + Level 11.7 Earth Magic
 + Level 11.7 Alchemy
 - Level 3.0 Invocations


You knew the following spells:

 Your Spells              Type           Power      Damage    Failure   Level
a - Magic Dart            Conj           100%       1d8       1%          1
b - Slow                  Hex            100%       N/A       1%          1
c - Blink                 Tloc           100%       N/A       1%          2
d - Call Imp              Summ           100%       N/A       1%          2
e - Mephitic Cloud        Conj/Alch/Air  56%        N/A       1%          3
f - Kiss of Death         Conj/Necr      100%       2d13      1%          1
g - Lesser Beckoning      Tloc           100%       N/A       1%          2
h - Volatile Blastmotes   Fire/Tloc      100%       2d18      1%          3
i - Vhi's Electric Charg  Tloc/Air       100%       N/A       1%          4
j - Manifold Assault      Tloc           56%        N/A       1%          4
Your spell library was empty.

Dungeon Overview and Level Annotations

Branches:
Dungeon (10/15)            Temple (1/1) D:5            Lair (1/5) D:10
  Sewer (visited)         Volcano (1/1)
    Orc: D:9-12

Altars:
Ashenzari
Cheibriados
Dithmenos
Elyvilon
Fedhas
Gozag
Hepliaklqana
Makhleb
Nemelex Xobeh
Okawaru
Qazlal
Ru
Trog
Uskayaw
Wu Jian
Xom
Yredelemnul
Zin
The Shining One

Shops:
D:9 :   D:10 :

Annotations:
D:4 2 runed translucent doors, Crazy Yiuf; Faeranduil's ghost, amateur OpAl
D:6 Jeremiah
Lair:1 1 runed translucent door, Urdicil's ghost, novice TrSh


Innate Abilities, Weirdness & Mutations

You are immune to sickness and miasma.
You are immune to poison.
Your flesh is very heat resistant. (rF++)
You are vulnerable to cold. (rC-)
You float through the air rather than walking.
You learn spells naturally, not from books.
Your magical power is your life essence.
You have superior vitality. (+4 MHP)


Message History

The hell hound breathes flames at you. The blast of flame misses you.
You hit the hell hound.
The hell hound is heavily wounded.
The hell hound barely misses you. x2
Unknown command.
You slash the hell hound!
Lightning courses through the hell hound!
You kill the hell hound!
Makhleb accepts your kill.
Okay, then.
Unknown command.
You rampage towards the hell hound!
You slash the hell hound!
The hell hound is heavily wounded.
You flicker for a moment.
The hell hound bites the sun demon!
The sun demon shouts!
The hell hound bites itself.
There is a rock-blocked tunnel here.
Okay, then.
Casting: Mephitic Cloud (safe; 1% risk of failure)
Confirm with . or Enter, or press ? or * to list all spells.
Space momentarily warps into an impossible shape!
You slash the sun demon! You slash the hell hound!
You kill the hell hound!
Makhleb accepts your kill.
You slash the sun demon!
The sun demon is severely wounded.
The sun demon closely misses you.
You slash the sun demon!
The sun demon is almost dead.
You flicker back into view.
The sun demon misses you. The sun demon hits you!!
* * * LOW HITPOINT WARNING * * *
You are engulfed in flames.
You resist.
* * * LOW HITPOINT WARNING * * *
You closely miss the sun demon.
The sun demon is almost dead.
The sun demon hits you!!
You die...

### ##.##
##...##
#∩.@..#
##..3.##
##.#..#
#####..#
#.§.##.#
##§..#..#
#.....3.#
##§.h...#
###....h..#


You could see a sun demon.

Vanquished Creatures
  2 deep elf pyromancers (D:10)
  Maurice (D:8)
  A smoke demon (Volcano)
  2 trolls
  2 hornets
  Sigmund (D:5)
  A wraith (D:9)
  7 yaks
  Grum (D:8)
  An acid dragon (D:9)
  2 water moccasins
  Duvessa (D:4)
  2 hell hounds (Volcano)
  2 ice beasts
  5 orc warriors
  3 sky beasts (D:7)
  3 ogres
  6 centaurs
  2 wolves
  4 kobold brigands (Sewer)
  A phantom (D:5)
  5 bullfrogs
  A gnoll sergeant (D:10)
  6 wights
  Dowan (D:4)
  2 killer bees
  2 howler monkeys
  A bombardier beetle (D:5)
  2 hounds (D:6)
  A jelly (D:5)
  7 orc priests
  A gnoll bouda (D:6)
  3 iguanas
  Terence (D:1)
  15 orc wizards
  4 gnolls
  3 river rats (Sewer)
  13 adders
  A white imp (D:6)
  2 ufetubi (D:6)
  2 dart slugs (D:1)
  3 ribbon worms
  31 orcs
  6 ball pythons
  9 endoplasms
  3 giant cockroaches
  5 goblins
  A hobgoblin (D:2)
  6 jackals
  4 kobolds
  2 quokkas
  4 bats
  5 frilled lizards
  9 rats
211 creatures vanquished.

Vanquished Creatures (collateral kills)
  A boulder beetle (D:10)
  A centaur warrior (D:10)
  A two-headed ogre (D:10)
  A sun demon (Volcano)
  A skeletal warrior (D:10)
  An elephant (D:10)
  A komodo dragon (D:10)
  An efreet (D:10)
  A troll (D:10)
  A hornet (D:10)
  2 yaks
  A steam dragon (Volcano)
  Eustachio (D:4)
  An orc warrior (D:6)
  A black bear (D:4)
  A centaur (D:10)
  2 bullfrogs
  A wight (D:9)
  3 killer bees (D:7)
  3 hounds
  2 orc wizards
  2 adders
  3 gnolls
  A river rat (D:3)
  A ribbon worm (D:3)
  3 orcs
  2 ball pythons
  A goblin (D:2)
  2 jackals (D:3)
  A frilled lizard (D:2)
  2 kobolds
46 creatures vanquished.

Vanquished Creatures (others)
  A hell hound (Volcano)
1 creature vanquished.

Grand Total: 258 creatures vanquished

Notes
Turn   | Place    | Note
-------+----------+-------------------------------------------
     0 | D:1      | xSliceyx the Djinni Hedge Wizard began the quest for the
                  | Orb.
     0 | D:1      | xSliceyx set off with the following spells memorised: Magic
                  | Dart, Slow, Blink, Call Imp, Mephitic Cloud.
     0 | D:1      | Reached XP level 1. HP: 15/15 MP: 0/0
   251 | D:1      | Reached XP level 2. HP: 11/21 MP: 0/0
   576 | D:2      | HP: 1/21 [gnoll/+0 halberd (15)]
   807 | D:2      | Reached XP level 3. HP: 22/25 MP: 0/0
   807 | D:2      | Learned a level 1 spell: Kiss of Death
   862 | D:2      | Noticed Terence
   985 | D:1      | Killed Terence
   986 | D:1      | Reached XP level 4. HP: 22/31 MP: 0/0
  1757 | D:3      | Reached XP level 5. HP: 31/35 MP: 0/0
  1757 | D:3      | Learned a level 2 spell: Lesser Beckoning
  1949 | D:3      | Reached skill level 5 in Spellcasting
  1949 | D:3      | Reached skill level 5 in Conjurations
  1949 | D:3      | Reached skill level 5 in Hexes
  1949 | D:3      | Reached skill level 5 in Summonings
  1949 | D:3      | Reached skill level 5 in Necromancy
  1949 | D:3      | Reached skill level 5 in Translocations
  1949 | D:3      | Reached skill level 5 in Fire Magic
  1949 | D:3      | Reached skill level 5 in Ice Magic
  1949 | D:3      | Reached skill level 5 in Air Magic
  1949 | D:3      | Reached skill level 5 in Earth Magic
  1949 | D:3      | Reached skill level 5 in Alchemy
  2014 | D:3      | Found a glowing drain.
  2068 | Sewer    | Entered a sewer
  2107 | Sewer    | Noticed a kobold brigand
  2126 | Sewer    | Killed a kobold brigand
  2127 | Sewer    | Reached XP level 6. HP: 23/40 MP: 0/0
  2537 | Sewer    | Reached XP level 7. HP: 31/45 MP: 0/0
  2537 | Sewer    | Learned a level 3 spell: Volatile Blastmotes
  3453 | D:4      | Noticed Dowan
  3459 | D:4      | Noticed Duvessa
  3465 | D:4      | Killed Dowan
  3547 | D:4      | Noticed Eustachio
  3705 | D:4      | Noticed Faeranduil's ghost (amateur OpAl)
  3707 | D:4      | Found a runed translucent door.
  3957 | D:4      | Killed Eustachio
  3958 | D:4      | Reached XP level 8. HP: 24/55 MP: 0/0
  4106 | D:4      | Found a runed translucent door.
  4107 | D:4      | Noticed Crazy Yiuf
  4238 | D:4      | Killed Duvessa
  4586 | D:5      | Entered Level 5 of the Dungeon
  4599 | D:5      | Found an opulent altar of Gozag.
  4746 | D:4      | Reached skill level 5 in Fighting
  4924 | D:5      | Found a staircase to the Ecumenical Temple.
  4933 | Temple   | Entered the Ecumenical Temple
  4964 | Temple   | Became a worshipper of Makhleb the Destroyer
  5240 | D:5      | Found a white marble altar of Elyvilon.
  5240 | D:5      | Found a basalt altar of Yredelemnul.
  5240 | D:5      | Found a bloodstained altar of Trog.
  5244 | D:5      | Noticed Sigmund
  5485 | D:5      | Reached XP level 9. HP: 60/67 MP: 0/0
  5485 | D:5      | Learned a level 4 spell: Vhi's Electric Charge
  5531 | D:5      | Killed Sigmund
  6158 | D:6      | Noticed Jeremiah
  6428 | D:6      | Reached skill level 1 in Invocations
  6492 | D:6      | Reached * piety under Makhleb
  7661 | D:7      | Reached skill level 5 in Dodging
  7844 | D:6      | Reached XP level 10. HP: 49/76 MP: 0/0
  7985 | D:7      | Found an iron altar of Okawaru.
  8108 | D:7      | Reached ** piety under Makhleb
  9156 | D:8      | Found an ornate altar of the Wu Jian Council.
  9172 | D:8      | Found a hide-covered altar of Uskayaw.
  9173 | D:8      | Found a snail-covered altar of Cheibriados.
  9197 | D:8      | Noticed Grum
  9317 | D:8      | Killed Grum
  9593 | D:8      | Noticed Maurice
  9639 | D:8      | Killed Maurice
  9702 | D:8      | Reached skill level 10 in Dodging
 10401 | D:9      | Reached XP level 11. HP: 55/81 MP: 0/0
 10401 | D:9      | Learned a level 4 spell: Manifold Assault
 10619 | D:9      | Found Aklazih's Book Boutique.
 10757 | D:8      | Reached *** piety under Makhleb
 11035 | D:9      | Found a sacrificial altar of Ru.
 11297 | D:10     | Entered Level 10 of the Dungeon
 11535 | D:10     | Noticed a deep elf pyromancer
 11546 | D:10     | Noticed an elephant
 12064 | D:10     | Noticed a skeletal warrior
 12077 | D:10     | Noticed an elephant
 12158 | D:10     | Found a stormy altar of Qazlal.
 12252 | D:10     | Found a glowing silver altar of Zin.
 12355 | D:10     | Noticed a two-headed ogre
 12372 | D:10     | Noticed a centaur warrior
 12754 | D:10     | Killed a skeletal warrior
 12775 | D:10     | Reached skill level 10 in Spellcasting
 12775 | D:10     | Reached skill level 10 in Conjurations
 12775 | D:10     | Reached skill level 10 in Hexes
 12775 | D:10     | Reached skill level 10 in Summonings
 12775 | D:10     | Reached skill level 10 in Necromancy
 12775 | D:10     | Reached skill level 10 in Translocations
 12775 | D:10     | Reached skill level 10 in Fire Magic
 12775 | D:10     | Reached skill level 10 in Ice Magic
 12775 | D:10     | Reached skill level 10 in Air Magic
 12775 | D:10     | Reached skill level 10 in Earth Magic
 12775 | D:10     | Reached skill level 10 in Alchemy
 12792 | D:10     | Killed a two-headed ogre
 13243 | D:10     | Killed a centaur warrior
 13364 | D:10     | Killed an elephant
 13365 | D:10     | Reached XP level 12. HP: 59/86 MP: 0/0
 13401 | D:10     | Found Urirics's Tiny Tomes.
 13630 | D:10     | Noticed a boulder beetle
 13651 | D:10     | Killed a boulder beetle
 13669 | D:10     | Identified the amulet of the Six Nightcaps {Spirit Rampage}
 13876 | D:10     | Found a staircase to the Lair.
 13907 | D:10     | Found a hazy altar of Hepliaklqana.
 14037 | Lair:1   | Entered Level 1 of the Lair of Beasts
 14050 | Lair:1   | Found a runed translucent door.
 14053 | Lair:1   | Noticed Urdicil's ghost (novice TrSh)
 14055 | Lair:1   | Identified the +0 trident of Defilement {freeze, Int+3}
 14056 | Lair:1   | Noticed a spriggan rider
 14092 | Lair:1   | Found a dark tunnel.
 14099 | Volcano  | Entered a volcano
 14100 | Volcano  | Upgraded the game from 0.31.0 to 0.31.0-2-g5a2aebc5c2
 14133 | Volcano  | Noticed a sun demon
 14146 | Volcano  | Noticed a sun demon
 14152 | Volcano  | Killed a sun demon
 14173 | Volcano  | Slain by a sun demon

Illustrated notes

Levels and vault maps discovered:
D:1:      mrwooster_arrival_statue_2, layout_basic
D:2:      layout_basic, dreamdust_wishing_well, nicolae_grassy_gnolls,
          uniq_terence
D:3:      layout_basic, mainiacjoe_sewer_entry_somewhere_in_here_2,
          wander_ebering_terrifying_dragon_lair
D:4:      layout_loops_ring, hellmonk_ghost_happy_afterlife, uniq_eustachio,
          uniq_duvessa, uniq_crazy_yiuf_cottage
D:5:      layout_loops_ring, mainiacjoe_overflow_concentric_impassable,
          gammafunk_temple_overflow_forgotten, hellmonk_sif_muna_bookshelves,
          minmay_temple_entry_mini_moons, nrook_mini_backslash, uniq_sigmund
D:6:      layout_loops_ring, nicolae_water_bricks, uniq_jeremiah
D:7:      minmay_flawed_box, layout_loops_cross, mainiacjoe_overflow_boulevard
D:8:      layout_cave_pools, pdpol_wu_jian_five_deadly_venoms,
          mainiacjoe_overflow_divided_tiny, uniq_grum, uniq_maurice
D:9:      layout_long_grid, nicolae_ru_the_path_less_chosen, serial_shops,
          nicolae_shop_just_a_little_nook
D:10:     minmay_the_grid_four_pointed_star
          [minmay_the_grid_triangle_9x9_skeleton,
          minmay_the_grid_triangle_9x9_checkered,
          minmay_the_grid_triangle_9x9_intruding_spiral,
          minmay_the_grid_triangle_9x9_pentomino_pain,
          minmay_the_grid_prize_shrinking_boxes], layout_stronghold,
          mainiacjoe_overflow_tiny_flanked, zin_statuary,
          mainiacjoe_overflow_alcove_1, grunt_lair_entry_orc_guard_hut,
          nicolae_shop_i_like_small_books_too
Temple:   grunt_temple_mini_profane
Lair:1:   layout_regular_city, nicolae_volcano_entry_two_sided,
          ebering_ghost_funeral_grove, lemuel_old_faithful, serial_bayou_shore_a
Volcano:  hellmonk_smoking_crater

Skill      XL: |  1  2  3  4  5  6  7  8  9 10 11 12 |
---------------+-------------------------------------+-----
Spellcasting   | 4 5 6 7 10 11 | 11.7
Conjurations   | 4 5 6 7 10 11 | 11.7
Hexes          | 4 5 6 7 10 11 | 11.7
Summonings     | 4 5 6 7 10 11 | 11.7
Necromancy     | 4 5 6 7 10 11 | 11.7
Translocations | 4 5 6 7 10 11 | 11.7
Fire Magic     | 4 5 6 7 10 11 | 11.7
Ice Magic      | 4 5 6 7 10 11 | 11.7
Air Magic      | 4 5 6 7 10 11 | 11.7
Earth Magic    | 4 5 6 7 10 11 | 11.7
Alchemy        | 4 5 6 7 10 11 | 11.7
Fighting       | 2 6 8 |  8.0
Invocations    | 3 |  3.0
Dodging        | 6 10 | 10.6
Stealth        | |  1.5

Action                     |  1- 3 |  4- 6 |  7- 9 | 10-12 || total
---------------------------+-------+-------+-------+-------++-------
  Melee: Short sword       |       |     3 |       |       ||     3
         Halberd           |       |    18 |   130 |   270 ||   418
         War axe           |       |       |       |    19 ||    19
   Cast: Magic Dart        |    53 |   131 |   230 |   348 ||   762
         Call Imp          |     7 |     8 |    44 |    66 ||   125
         Slow              |     3 |    17 |    62 |    90 ||   172
         Mephitic Cloud    |     1 |     5 |    21 |    28 ||    55
         Blink             |     1 |     4 |     4 |     3 ||    12
         Volatile Blastmot |       |       |     5 |     1 ||     6
         Vhi's Electric Ch |       |       |     2 |     2 ||     4
         Manifold Assault  |       |       |       |    11 ||    11
 Invoke: Minor Destruction |       |       |       |     7 ||     7
         Lesser Servant of |       |       |       |     6 ||     6
  Evoke: Wand              |       |       |       |     3 ||     3
    Use: Scroll            |       |     6 |     7 |     2 ||    15
         Potion            |       |       |       |     2 ||     2
   Stab: Distracted        |       |     1 |       |     6 ||     7
         Confused          |       |     1 |     2 |     3 ||     6
 Armour: Robe              |     6 |    14 |   101 |   138 ||   259
         Troll leather arm |       |       |       |    57 ||    57
  Dodge: Dodged            |     4 |    25 |    82 |   396 ||   507
